 Dungeon Crawl Stone Soup version 0.25-a0-731-g0472a16d6a (webtiles) character file.

Game seed: 7303762033655270452, levelgen mode: deterministic

7277 FessEmpty the Frost Mage (level 11, -3/81 HPs)
             Began as a Gnoll Ice Elementalist on Apr 8, 2020.
             Was a Believer of Dithmenos.
             Slain by Snorg (13 damage)
             ... on level 12 of the Dungeon.
             The game lasted 00:54:13 (5481 turns).

FessEmpty the Frost Mage (Gnoll Ice Elementalist)   Turns: 5481, Time: 00:54:14

Health: -3/81      AC: 14    Str:  9    XL:     11   Next: 12%
Magic:  5/22       EV: 18    Int: 19    God:    Dithmenos [**....]
Gold:   510        SH:  0    Dex: 21    Spells: 14/25 levels left

rFire    . . .     SeeInvis .   a - +5 short sword (venom)
rCold    . . .     Gourm    .   (no shield)
rNeg     . . .     Faith    .   v - +1 robe "Hurasoi" {rPois Str-2 Dex+4}
rPois    +         Spirit   .   I - +0 helmet
rElec    .         Reflect  .   o - +0 cloak
rCorr    .         Harm     .   (no gloves)
MR       .....                  y - +0 pair of boots
Stlth    +++++++...             (no amulet)
HPRegen  0.23/turn              w - ring of stealth
MPRegen  0.18/turn              (no ring)

@: icy armour, very slightly contaminated, wreathed by umbra
A: distributed training, fangs 1, strong nose
a: Shadow Step, Renounce Religion


You were on level 12 of the Dungeon.
You worshipped Dithmenos.
Dithmenos was pleased with you.
You were very hungry.

You visited 2 branches of the dungeon, and saw 13 of its levels.

You collected 510 gold pieces.

Inventory:

Hand Weapons
 a - a +5 short sword of venom (weapon)
 b - a +2 shortbow of flaming
 x - a +4 war axe
 H - a +5 long sword of holy wrath
Missiles
 C - 53 arrows
Armour
 o - a +0 cloak (worn)
 r - a +3 chain mail of magic resistance
 v - the +1 robe "Hurasoi" (worn) {rPois Str-2 Dex+4}
   (You found it on level 9 of the Dungeon)

   It affects your strength (-2).
   It affects your dexterity (+4).
   It protects you from poison.
 y - a +0 pair of boots (worn)
 I - a +0 helmet (worn)
Jewellery
 w - a ring of stealth (left hand)
Wands
 t - a wand of iceblast (9)
 E - a wand of polymorph (6)
 L - a wand of random effects (5)
Scrolls
 e - 3 scrolls of noise {unknown}
 j - 2 scrolls of remove curse
 k - 3 scrolls of fear {unknown}
 l - 3 scrolls of enchant weapon
 m - 6 scrolls of teleportation
 n - a scroll of fog {unknown}
 u - a scroll of enchant armour {unknown}
 A - a scroll of identify
 B - 3 scrolls of blinking {unknown}
 J - a scroll of immolation {unknown}
Potions
 d - 4 potions of flight {unknown}
 f - 2 potions of haste
 g - 2 potions of heal wounds {unknown}
 h - 5 potions of might
 i - a potion of degeneration {unknown}
 p - 4 potions of curing
 q - a potion of berserk rage {unknown}
 s - 4 potions of stabbing
 z - 2 potions of ambrosia
 D - a potion of magic {unknown}
 F - a potion of brilliance {unknown}
 G - a potion of lignification {unknown}
 M - a potion of invisibility {unknown}
Comestibles
 c - 10 rations


   Skills:
 + Level 5.9 Fighting
 + Level 5.9 Short Blades
 + Level 5.9 Long Blades
 + Level 5.9 Axes
 + Level 5.9 Maces & Flails
 + Level 5.9 Polearms
 + Level 5.9 Staves
 + Level 5.9 Slings
 + Level 5.9 Bows
 + Level 5.9 Crossbows
 + Level 5.9 Throwing
 + Level 5.9 Armour
 + Level 7.5 Dodging
 + Level 7.3 Stealth
 + Level 5.9 Shields
 + Level 5.9 Unarmed Combat
 + Level 7.8 Spellcasting
 + Level 4.8 Conjurations
 + Level 4.8 Hexes
 + Level 4.8 Charms
 + Level 4.8 Summonings
 + Level 4.8 Necromancy
 + Level 4.8 Translocations
 + Level 4.8 Transmutations
 + Level 4.8 Fire Magic
 + Level 8.7 Ice Magic
 + Level 4.8 Air Magic
 + Level 4.8 Earth Magic
 + Level 4.8 Poison Magic
 + Level 6.4 Invocations
 + Level 5.9 Evocations


You had 14 spell levels left.
You knew the following spells:

 Your Spells              Type           Power        Failure   Level  Hunger
a - Freeze                Ice            ####         1%          1    None
b - Ozocubu's Armour      Chrm/Ice       ####....     1%          3    #......
c - Frozen Ramparts       Ice            #####.       1%          3    #......
d - Summon Ice Beast      Ice/Summ       ####....     5%          4    ###....

Your spell library contained the following spells:

 Spells                   Type           Power        Failure   Level  Hunger
 Hailstorm                Conj/Ice       ####....     5%          4    ###....
 Cause Fear               Hex            ####......   12%         4    ###....
 Silence                  Hex/Air        ####......   34%         5    #####..
 Yara's Violent Unravell  Hex/Tmut       ####......   34%         5    #####..
 Deflect Missiles         Chrm/Air       ####......   88%         6    ######.
 Discord                  Hex            ####......   100%        8    #######


Dungeon Overview and Level Annotations

Branches:
Dungeon (12/15)            Temple (1/1) D:5
   Lair: D:8-11         Orc: D:9-12

Altars:
Ashenzari
Cheibriados
Dithmenos
Elyvilon
Fedhas
Makhleb
Nemelex Xobeh
Okawaru
Qazlal
Ru
Sif Muna
Trog
Vehumet
Xom
Yredelemnul
Zin
The Shining One

Shops:
D:4 (   D:5 :!   D:6 %

Annotations:
D:8 2 runed translucent doors
D:9 exclusion: statue
D:12 Snorg


Innate Abilities, Weirdness & Mutations

Your experience applies equally to all skills.
You have very sharp teeth.
Your uncanny sense of smell can sniff out nearby items.


Message History

Items here: )) [[ a +0 flail; a +0 ring mail; a +0 dagger; a +0 robe You see here an orc corpse.
You butcher the orc corpse.
K - 2 chunks of flesh You see here an orc skeleton.
Eating one of 2 chunks of flesh.
You eat one of the 2 chunks of flesh.
This raw flesh tastes terrible.
The frozen ramparts melt away.
M - a dark potion
Okay, then.
You open the door.
There is an open door here.
An iguana comes into view.
A worker ant and a hungry ghost come into view.
The helpless iguana fails to defend itself.
You spit the iguana like a pig!!!
You kill the iguana!
Dithmenos accepts your kill.
Your +5 short sword of venom stops dripping with poison.
Your +5 long sword of holy wrath softly glows with a divine radiance!
H - a +5 long sword of holy wrath (weapon)
Casting: Frozen Ramparts (safe; 1% risk of failure)
Confirm with . or Enter, or press ? or * to list all spells.
The walls around you are covered in ice.
The hungry ghost closely misses you.
You slash the hungry ghost!
The hungry ghost convulses.
Your bite misses the hungry ghost.
The hungry ghost is moderately damaged.
The hungry ghost closely misses you.
You hit the hungry ghost.
The hungry ghost convulses!
The hungry ghost is heavily damaged.
The hungry ghost hits you.
You are feeling hungry.
You slash the hungry ghost!
The hungry ghost convulses.
The hungry ghost is almost destroyed.
The hungry ghost misses you.
You riposte.
You closely miss the hungry ghost.
The hungry ghost is almost destroyed.
You miss the hungry ghost.
The hungry ghost is almost destroyed.
The hungry ghost hits you.
You are feeling very hungry.
The hungry ghost hits you.
You are near starving!
You completely miss the hungry ghost.
The hungry ghost is almost destroyed.
The hungry ghost completely misses you.
You hit the hungry ghost.
You destroy the hungry ghost!
Dithmenos accepts your kill.
The frozen ramparts melt away.
Your +5 long sword of holy wrath stops glowing.
Your +5 short sword of venom begins to drip with poison!
a - a +5 short sword of venom (weapon)
You open the door.
Found a stormy altar of Qazlal.
A cyclops comes into view.
There is an open door here.
You close the door.
A phantom comes into view.
Snorg the Insatiable comes into view.
Aiming: Shadow Step
Press: ? - help, Dir - move target cursor, f - Snorg
Aim: Snorg (resting) Out of range.
Okay, then.
Casting: Frozen Ramparts (safe; 1% risk of failure)
Confirm with . or Enter, or press ? or * to list all spells.
The walls around you are covered in ice.
The phantom resists.
The wall freezes the phantom.
Casting: Frozen Ramparts (safe; 1% risk of failure)
Confirm with . or Enter, or press ? or * to list all spells.
A film of ice covers your body!
The phantom completely resists.
The wall freezes the phantom but do no damage.
The phantom barely misses you.
You barely miss the phantom.
The phantom is lightly damaged.
The phantom resists.
The wall freezes the phantom.
The phantom blinks!
The phantom blinks!
The phantom blinks!
Your icy armour cracks and falls away as you move.
The frozen ramparts melt away.
Your +5 short sword of venom stops dripping with poison.
Your +5 long sword of holy wrath softly glows with a divine radiance!
H - a +5 long sword of holy wrath (weapon)
The phantom hits you but does no damage.
You hit the phantom.
The phantom convulses.
The phantom is lightly damaged.
The phantom barely misses you.
You riposte.
You closely miss the phantom.
The phantom is lightly damaged.
You slash the phantom!
The phantom convulses!
The phantom is heavily damaged.
The phantom hits you.
The phantom blinks!
You closely miss the phantom.
The phantom is heavily damaged.
The phantom hits you.
You barely miss the phantom. Your bite misses the phantom.
The phantom is heavily damaged.
The phantom barely misses you.
You riposte.
You hit the phantom.
The phantom convulses.
You bite the phantom, but do no damage.
The phantom is severely damaged.
You barely miss the phantom.
The phantom is severely damaged.
The phantom completely misses you.
You hit the phantom.
The phantom convulses.
The phantom is almost destroyed.
The phantom closely misses you.
You closely miss the phantom. You punch the phantom.
You destroy the phantom!
Dithmenos accepts your kill.
Your +5 long sword of holy wrath stops glowing.
Your +5 short sword of venom begins to drip with poison!
a - a +5 short sword of venom (weapon)
Your +5 short sword of venom stops dripping with poison.
Your +2 shortbow of flaming bursts into flame!
b - a +2 shortbow of flaming (weapon)
Firing (i - inventory)
C - 58 arrows (quivered)
Press: ? - help, Shift-Dir - straight line, f - Snorg
Aim: Snorg (resting)
You shoot an arrow. The arrow hits Snorg!
The arrow burns Snorg.
Snorg shouts!
Snorg is lightly wounded.
Firing (i - inventory)
C - 57 arrows (quivered)
Press: ? - help, Shift-Dir - straight line, f/p - Snorg
Aim: Snorg (lightly wounded)
You shoot an arrow.
The worker ant twitches its antennae in your direction.
The arrow hits Snorg!
The arrow burns Snorg.
Snorg is lightly wounded.
The worker ant waves its antennae.
There is an open door here.
Firing (i - inventory)
C - 56 arrows (quivered)
Press: ? - help, Shift-Dir - straight line, f/p - Snorg
Aim: Snorg (lightly wounded)
You shoot an arrow.
The arrow closely misses the worker ant.
The arrow barely misses Snorg.
Casting: Ozocubu's Armour (safe; 1% risk of failure)
Confirm with . or Enter, or press ? or * to list all spells.
The walls around you are covered in ice.
The wall freezes the worker ant. x2; The worker ant barely misses you.
Firing (i - inventory)
C - 55 arrows (quivered)
Press: ? - help, Shift-Dir - straight line, f/p - Snorg
Aim: Snorg (lightly wounded)
You shoot an arrow. The arrow hits the worker ant!
The arrow burns the worker ant.
You kill the worker ant!
Dithmenos accepts your kill.
Firing (i - inventory)
C - 54 arrows (quivered)
Press: ? - help, Shift-Dir - straight line, f/p - Snorg
Aim: Snorg (umbra)
You shoot an arrow. The arrow completely misses Snorg.
Casting: Frozen Ramparts (safe; 1% risk of failure)
Confirm with . or Enter, or press ? or * to list all spells.
A film of ice covers your body!
The wall freezes Snorg!
Your +2 shortbow of flaming stops flaming.
Your +5 short sword of venom begins to drip with poison!
a - a +5 short sword of venom (weapon)
You hit Snorg.
Snorg is poisoned.
Snorg is lightly wounded.
The wall freezes Snorg!
Snorg barely misses you. Snorg completely misses you.
Snorg claws you but does no damage.
You hit Snorg.
Snorg is moderately wounded.
The wall freezes Snorg!
Snorg goes berserk!
Firing (i - inventory) No suitable missiles.
Press: ? - help, Shift-Dir - straight line, f/p - Snorg
Aim: Snorg (moderately wounded, berserk, fast, unusually strong, very poisoned, umbra)
Okay, then.
Casting: Ozocubu's Armour (safe; 1% risk of failure)
Confirm with . or Enter, or press ? or * to list all spells.
You miscast Summon Ice Beast.
You are very lightly contaminated with residual magic.
Your hands feel numb with cold.
You are starving!
The wall freezes Snorg.
Snorg bites you!! Snorg closely misses you. Snorg barely misses you.
You don't have the energy to cast that spell.
Okay, then.
You don't have the energy to cast that spell.
Eat a chunk of flesh? (ye/n/q)
You eat the chunk of flesh.
This raw flesh tastes terrible.
You are feeling very hungry.
The wall freezes Snorg.
Snorg barely misses you. Snorg misses you. x2
The wall freezes Snorg.
Snorg bites you. Snorg claws you! Snorg completely misses you.
Casting: Summon Ice Beast (safe; 5% risk of failure)
Confirm with . or Enter, or press ? or * to list all spells.
A chill wind blows around you.
The frozen ramparts melt away.
Snorg bites you. Snorg claws you but does no damage. Snorg closely misses you.
Drop what? 38/52 slots (_ for help) (? for menu, Esc to quit)
Okay, then.
Unknown command.
Casting: Summon Ice Beast (safe; 5% risk of failure)
Confirm with . or Enter, or press ? or * to list all spells.
A chill wind blows around you. Snorg bites you! Snorg barely misses you.
Snorg claws you!
* * * LOW HITPOINT WARNING * * *
Snorg bites you!
You die...

...... ...... ..
##################.โ‰ˆ
..................โ‰ˆโ‰ˆ
.).................
..................
...............#
...............#######
.........(....YT@....#
................#Y...#
#...##...##....##....#
#...##...########....#
....#.....#....##รท...###
....#.....#.....)).....#
....#.....#.....)......#
....#.....#............#
....#.....#....<.......#


You could see Snorg (berserk) and 2 friendly ice beasts.

Vanquished Creatures
  Pikel (D:4)
  Maurice (D:8)
  Maggie (D:7)
  2 trolls
  Prince Ribbit (D:5)
  A hippogriff (D:7)
  Sigmund (D:4)
  A hungry ghost (D:12)
  Edmund (D:4)
  5 soldier ants (D:8)
  A water moccasin (D:8)
  3 orc warriors
  2 ice beasts
  A black bear (D:10)
  4 sky beasts
  6 ogres
  4 phantoms
  2 centaurs
  A big kobold (D:9)
  Blork the orc (D:4)
  A bullfrog (D:9)
  4 scorpions
  3 wights (D:9)
  A howler monkey (D:6)
  3 crimson imps
  A centaur zombie (D:7)
  A bullfrog zombie (D:5)
  2 jellies
  7 orc wizards
  A bullfrog skeleton (D:5)
  4 orc priests
  6 hounds
  4 gnoll shamans
  3 iguanas
  Terence (D:2)
  Natasha (twice) (D:3)
  8 worker ants
  A hound zombie (D:7)
  A hound skeleton (D:5)
  2 worker ant zombies (D:6)
  Robin (D:4)
  34 gnolls
  11 adders
  4 shadow imps
  An ooze (D:1)
  2 adder skeletons
  4 worms
  4 dart slugs
  8 leopard geckos
  25 orcs
  4 giant cockroaches
  17 goblins
  8 hobgoblins
  28 jackals
  A quokka (D:8)
  A ball python (D:3)
  7 bats
  3 frilled lizards (D:1)
  11 kobolds
  A leopard gecko zombie (D:5)
  12 rats
283 creatures vanquished.

Vanquished Creatures (collateral kills)
  A phantom (D:4)
  3 gnolls (D:4)
  2 jackals (D:4)
6 creatures vanquished.

Vanquished Creatures (others)
  A jackal (D:4)
1 creature vanquished.

Grand Total: 290 creatures vanquished

Notes
Turn   | Place    | Note
-------+----------+-------------------------------------------
     0 | D:1      | FessEmpty the Gnoll Ice Elementalist began the quest for
                  | the Orb.
     0 | D:1      | Reached XP level 1. HP: 13/13 MP: 6/6
   109 | D:1      | Reached XP level 2. HP: 16/19 MP: 3/7
   275 | D:2      | Reached XP level 3. HP: 25/25 MP: 7/9
   304 | D:2      | Reached skill level 5 in Spellcasting
   509 | D:1      | Reached skill level 1 in Invocations
   630 | D:1      | Reached skill level 1 in Fighting
   630 | D:1      | Reached skill level 1 in Short Blades
   630 | D:1      | Reached skill level 1 in Long Blades
   630 | D:1      | Reached skill level 1 in Axes
   630 | D:1      | Reached skill level 1 in Maces & Flails
   630 | D:1      | Reached skill level 1 in Polearms
   630 | D:1      | Reached skill level 1 in Staves
   630 | D:1      | Reached skill level 1 in Slings
   630 | D:1      | Reached skill level 1 in Bows
   630 | D:1      | Reached skill level 1 in Crossbows
   630 | D:1      | Reached skill level 1 in Throwing
   630 | D:1      | Reached skill level 1 in Armour
   630 | D:1      | Reached skill level 1 in Shields
   630 | D:1      | Reached skill level 1 in Unarmed Combat
   630 | D:1      | Reached skill level 1 in Evocations
   639 | D:1      | Learned a level 3 spell: Ozocubu's Armour
   643 | D:1      | Learned a level 3 spell: Frozen Ramparts
   683 | D:2      | Reached XP level 4. HP: 22/32 MP: 6/11
   694 | D:2      | Noticed Terence
   990 | D:2      | Killed Terence
   990 | D:2      | Reached skill level 1 in Conjurations
   990 | D:2      | Reached skill level 1 in Hexes
   990 | D:2      | Reached skill level 1 in Charms
   990 | D:2      | Reached skill level 1 in Summonings
   990 | D:2      | Reached skill level 1 in Necromancy
   990 | D:2      | Reached skill level 1 in Translocations
   990 | D:2      | Reached skill level 1 in Transmutations
   990 | D:2      | Reached skill level 1 in Fire Magic
   990 | D:2      | Reached skill level 1 in Air Magic
   990 | D:2      | Reached skill level 1 in Earth Magic
   990 | D:2      | Reached skill level 1 in Poison Magic
  1078 | D:3      | Reached XP level 5. HP: 37/37 MP: 8/12
  1090 | D:3      | You fall into a shaft and drop 3 floors!
  1112 | D:5      | Entered Level 5 of the Dungeon
  1210 | D:5      | Reached XP level 6. HP: 42/44 MP: 9/13
  1219 | D:5      | Found a blossoming altar of Fedhas.
  1233 | D:5      | Reached skill level 5 in Dodging
  1481 | D:9      | Noticed a phantom
  1493 | D:9      | Noticed a troll
  1527 | D:9      | Killed a troll
  1527 | D:9      | Reached XP level 7. HP: 36/51 MP: 6/15
  1542 | D:9      | Got a heavy robe
  1560 | D:9      | Found a radiant altar of Vehumet.
  1583 | D:9      | Identified the cursed +1 robe "Hurasoi" {rPois Str-2 Dex+4}
                  | (You found it on level 9 of the Dungeon)
  1732 | D:9      | Reached skill level 5 in Stealth
  1736 | D:9      | Noticed a death knight
  1736 | D:9      | Noticed a phantasmal warrior
  1738 | D:9      | Noticed a skeletal warrior
  1809 | D:9      | Reached XP level 8. HP: 57/57 MP: 9/16
  1876 | D:8      | Learned a level 4 spell: Summon Ice Beast
  1929 | D:8      | Found a runed translucent door.
  1929 | D:8      | Found a runed translucent gate.
  1929 | D:8      | Found a runed translucent gate.
  1935 | D:8      | Found a runed translucent gate.
  1937 | D:8      | Found a runed translucent door.
  1980 | D:8      | Reached XP level 9. HP: 55/65 MP: 0/18
  2049 | D:8      | Noticed Maurice
  2130 | D:7      | Noticed Maggie
  2253 | D:7      | Reached skill level 8 in Ice Magic
  2468 | D:6      | Found Ammozig's Food Boutique.
  2774 | D:4      | Noticed Blork the orc
  2791 | D:4      | Killed Blork the orc
  2791 | D:4      | Reached skill level 5 in Invocations
  2855 | D:4      | Noticed Edmund
  2874 | D:4      | Killed Edmund
  2963 | D:4      | Noticed Sigmund
  2973 | D:4      | Killed Sigmund
  2973 | D:4      | Reached XP level 10. HP: 60/73 MP: 5/20
  3454 | D:5      | Found Xugorch's Distillery.
  3470 | D:5      | Found a staircase to the Ecumenical Temple.
  3479 | Temple   | Entered the Ecumenical Temple
  3580 | Temple   | Became a worshipper of Dithmenos the Shadowed
  3659 | D:5      | Noticed Prince Ribbit
  3668 | D:5      | Reached skill level 5 in Fighting
  3668 | D:5      | Reached skill level 5 in Short Blades
  3668 | D:5      | Reached skill level 5 in Long Blades
  3668 | D:5      | Reached skill level 5 in Axes
  3668 | D:5      | Reached skill level 5 in Maces & Flails
  3668 | D:5      | Reached skill level 5 in Polearms
  3668 | D:5      | Reached skill level 5 in Staves
  3668 | D:5      | Reached skill level 5 in Slings
  3668 | D:5      | Reached skill level 5 in Bows
  3668 | D:5      | Reached skill level 5 in Crossbows
  3668 | D:5      | Reached skill level 5 in Throwing
  3668 | D:5      | Reached skill level 5 in Armour
  3668 | D:5      | Reached skill level 5 in Shields
  3668 | D:5      | Reached skill level 5 in Unarmed Combat
  3668 | D:5      | Reached skill level 5 in Evocations
  3675 | D:5      | Killed Prince Ribbit
  3915 | D:5      | Found a glowing golden altar of the Shining One.
  4036 | D:4      | Noticed Pikel
  4045 | D:4      | Killed Pikel
  4193 | D:4      | Found Roonwi's Weapon Boutique.
  4202 | D:4      | Noticed Robin
  4211 | D:4      | Reached * piety under Dithmenos
  4216 | D:4      | Killed Robin
  4240 | D:3      | Noticed Natasha
  4248 | D:3      | Killed Natasha
  4295 | D:3      | Noticed Natasha
  4304 | D:3      | Killed Natasha
  4590 | D:5      | Found Bapsydu's Book Shop.
  4716 | D:7      | Killed Maggie
  4716 | D:7      | Reached ** piety under Dithmenos
  4938 | D:8      | Paralysed by Maurice for 5 turns
  4942 | D:8      | Killed Maurice
  5011 | D:10     | Entered Level 10 of the Dungeon
  5122 | D:10     | Reached XP level 11. HP: 57/81 MP: 19/22
  5387 | D:12     | Found a stormy altar of Qazlal.
  5388 | D:12     | Noticed a cyclops
  5398 | D:12     | Noticed Snorg
  5481 | D:12     | Slain by Snorg

Levels and vault maps discovered:
D:1:      erik_arrival_triangle_small, layout_basic
D:2:      layout_loops_ring, uniq_terence
D:3:      layout_rooms, uniq_natasha
D:4:      lemuel_castle_with_subvaults [lemuel_castle_interior_carwin_2],
          layout_cave_pods, serial_shops, shop, uniq_robin, uniq_blork_the_orc,
          uniq_edmund, uniq_sigmund, uniq_pikel
D:5:      layout_loops_ring, lemuel_round_altar, fedhas_altar_2,
          minmay_temple_entry_waves, first_ration, serial_shops, shop,
          nicolae_shop_crystal, cheibrodos_gnoll_hut, uniq_prince_ribbit1
D:6:      layout_loops_cross, serial_shops, kennysheep_little_box
D:7:      layout_cave_pools, uniq_maggie
D:8:      layout_loops_cross, minmay_guarded_unrand_staff_of_olgreb,
          uniq_gastronok, uniq_maurice
D:9:      minmay_the_grid_3x3 [minmay_the_grid_x, minmay_the_grid_slots,
          minmay_the_grid_tiny_cups, minmay_the_grid_pillar_ring,
          minmay_the_grid_aliased_spiral, minmay_the_grid_minigrid_small_alt,
          minmay_the_grid_stretched_grid, minmay_the_grid_spin_star,
          minmay_the_grid_prize_four_corners], layout_long_grid,
          lemuel_doored_altar, vehumet_statue, lair_entry_dummy, grunt_pizzeria,
          minmay_misc_feat_hallway
D:10:     layout_irregular_city
D:11:     layout_loops_ring
D:12:     layout_gridville, zombieorc2_lemuel, chequers_serial_rivers_small_b,
          lemuel_altar_in_water, uniq_snorg
Temple:   dpeg_five_rooms_temple

Skill      XL: |  1  2  3  4  5  6  7  8  9 10 |
---------------+-------------------------------+-----
Spellcasting   | 5 6 7 |  7.8
Invocations    | 1 2 3 4 5 6 |  6.4
Fighting       | 1 2 3 4 5 |  5.9
Short Blades   | 1 2 3 4 5 |  5.9
Long Blades    | 1 2 3 4 5 |  5.9
Axes           | 1 2 3 4 5 |  5.9
Maces & Flails | 1 2 3 4 5 |  5.9
Polearms       | 1 2 3 4 5 |  5.9
Staves         | 1 2 3 4 5 |  5.9
Slings         | 1 2 3 4 5 |  5.9
Bows           | 1 2 3 4 5 |  5.9
Crossbows      | 1 2 3 4 5 |  5.9
Throwing       | 1 2 3 4 5 |  5.9
Armour         | 1 2 3 4 5 |  5.9
Shields        | 1 2 3 4 5 |  5.9
Unarmed Combat | 1 2 3 4 5 |  5.9
Evocations     | 1 2 3 4 5 |  5.9
Conjurations   | 1 2 3 4 |  4.8
Hexes          | 1 2 3 4 |  4.8
Charms         | 1 2 3 4 |  4.8
Summonings     | 1 2 3 4 |  4.8
Necromancy     | 1 2 3 4 |  4.8
Translocations | 1 2 3 4 |  4.8
Transmutations | 1 2 3 4 |  4.8
Fire Magic     | 1 2 3 4 |  4.8
Air Magic      | 1 2 3 4 |  4.8
Earth Magic    | 1 2 3 4 |  4.8
Poison Magic   | 1 2 3 4 |  4.8
Dodging        | 5 6 7 |  7.5
Stealth        | 5 6 7 |  7.3
Ice Magic      | 8 |  8.7

Action                   |  1- 3 |  4- 6 |  7- 9 | 10-12 || total
-------------------------+-------+-------+-------+-------++-------
Melee: Dagger            |     6 |     7 |       |       ||    13
       Short sword       |       |    32 |   167 |   205 ||   404
       Bite              |       |     3 |    27 |    28 ||    58
       Punch             |       |       |     2 |    10 ||    12
       War axe           |       |       |       |    42 ||    42
       Long sword        |       |       |       |    19 ||    19
 Fire: Shortbow          |       |       |       |     5 ||     5
 Cast: Freeze            |    49 |    13 |     4 |       ||    66
       Frozen Ramparts   |     1 |    14 |    27 |    25 ||    67
       Ozocubu's Armour  |       |     2 |    13 |    17 ||    32
       Summon Ice Beast  |       |       |     6 |     2 ||     8
Evoke: Wand              |       |       |     1 |     1 ||     2
  Use: Scroll            |       |     4 |     1 |     3 ||     8
 Stab: Distracted        |     1 |       |       |       ||     1
       Sleeping          |     3 |     2 |     9 |    14 ||    28
  Eat: Chunk             |       |     2 |     4 |    10 ||    16
       Ration            |       |       |     1 |       ||     1
Armor: Leather armour    |     3 |     5 |       |       ||     8
       Robe              |       |       |    18 |    60 ||    78
Dodge: Dodged            |    17 |    35 |   106 |   265 ||   423
       Rpst.: Long sword |       |       |       |     3 ||     3

Table legend:
 A = Non-vault XP
 B = Vault XP
 C = Vault XP percentage of total XP
 D = Non-vault monster count
 E = Vault monster count
 F = Vault count percentage of total count
                 A         B        C        D         E       F
            +---------+---------+-------+---------+---------+-------
      Total |    6017 |    4380 |  42.1 |     200 |      89 |  30.8
            +---------+---------+-------+---------+---------+-------
        D:1 |      58 |       0 |   0.0 |      29 |       0 |   0.0
        D:2 |      59 |      36 |  37.9 |      20 |       1 |   4.8
        D:3 |      89 |      35 |  28.2 |      22 |       1 |   4.3
        D:4 |     358 |    1697 |  82.6 |      16 |      67 |  80.7
        D:5 |     827 |     371 |  31.0 |      27 |       4 |  12.9
        D:6 |     565 |       0 |   0.0 |      12 |       0 |   0.0
        D:7 |    1421 |     395 |  21.8 |      23 |       1 |   4.2
        D:8 |     452 |    1485 |  76.7 |      16 |      11 |  40.7
        D:9 |     690 |     361 |  34.3 |       9 |       4 |  30.8
       D:10 |    1030 |       0 |   0.0 |      17 |       0 |   0.0
       D:12 |     468 |       0 |   0.0 |       9 |       0 |   0.0
            +---------+---------+-------+---------+---------+-------
